 Dungeon Crawl Stone Soup version 0.24-a0-446-g87df7205b4 (webtiles) character file.

Game seed: 7558999015855382687

68272 tilp the Destroyer (level 15, -2/88 HPs)
             Began as a Tengu Air Elementalist on June 23, 2019.
             Was a High Priest of Sif Muna.
             Shot with a sling bullet by a faun (21 damage)
             ... on level 2 of the Shoals.
             The game lasted 02:01:22 (24820 turns).

tilp the Destroyer (Tengu Air Elementalist)        Turns: 24820, Time: 02:01:23

Health: -2/88      AC: 17    Str:  8    XL:     15   Next: 26%
Magic:  13/32      EV: 20    Int: 25    God:    Sif Muna [*****.]
Gold:   527        SH:  7    Dex: 16    Spells: 1/38 levels left

rFire    . . .     SeeInvis .   a - +8 mithril axe "Arga" {speed, MR+}
rCold    . . .     Gourm    .   P - +2 buckler
rNeg     . . .     Faith    .   H - +2 leather armour {MR+}
rPois    .         Spirit   .   K - +2 hat
rElec    .         Reflect  .   D - +2 cloak
rCorr    .         Harm     .   z - +3 pair of gauntlets of War {Slay+5}
MR       +++..                  (boots unavailable)
Stlth    ++........             Z - amulet of the acrobat
HPRegen  0.24/turn              e - +4 ring of intelligence
MPRegen  0.23/turn              T - +3 ring of protection

@: flying quickly and evasively, quick
A: beak, talons 3, able to fly
a: Stop Flying, Divine Energy, Channel Magic, Forget Spell, Renounce Religion


You were on level 2 of the Shoals.
You worshipped Sif Muna.
Sif Muna was extremely pleased with you.
You were hungry.

You visited 4 branches of the dungeon, and saw 21 of its levels.

You collected 1732 gold pieces.
You spent 1205 gold pieces at shops.

Inventory:

Hand Weapons
 a - the +8 mithril axe "Arga" (weapon) {speed, MR+}
   (You found it on level 1 of the Lair of Beasts)

   Attacks with this weapon are significantly faster.
   It affects your resistance to hostile enchantments.
Missiles
 h - 3 throwing nets
 j - 30 poisoned darts (quivered)
 k - 4 datura-tipped darts
 n - 5 atropa-tipped darts
 N - 7 curare-tipped darts
Armour
 z - the +3 pair of gauntlets of War (worn) {Slay+5}
   (You found it on level 11 of the Dungeon)

   It affects your accuracy and damage with ranged weapons and melee attacks
   (+5).
 B - the +1 robe "Rithrodwe" {rF+ Str+4, unknown}
   (You found it on level 1 of the Shoals)

   It affects your strength (+4).
   It protects you from fire.
 D - a +2 cloak (worn)
 H - a +2 leather armour of magic resistance (worn)
 K - a +2 hat (worn)
 P - a +2 buckler (worn)
Jewellery
 e - a +4 ring of intelligence (left hand)
 y - an uncursed ring of ice
 G - an uncursed ring of see invisible
 J - an uncursed ring of fire
 T - a +3 ring of protection (right hand)
 Z - an amulet of the acrobat (around neck)
Wands
 d - a wand of disintegration (14)
 f - a wand of digging (6)
 w - a wand of paralysis (7)
 A - a wand of clouds (3)
 I - a wand of iceblast (8)
 M - a wand of flame (22)
 R - a wand of acid (11)
 U - a wand of polymorph (22)
 X - a wand of enslavement (4)
Scrolls
 b - a scroll of amnesia
 i - 9 scrolls of teleportation
 m - 7 scrolls of remove curse
 p - 2 scrolls of magic mapping
 s - 3 scrolls of enchant weapon
 t - a scroll of silence {unknown}
 u - 2 scrolls of fear
 Q - 2 scrolls of fog
 S - a scroll of blinking
 V - 2 scrolls of acquirement {unknown}
 W - a scroll of summoning
 Y - a scroll of immolation {unknown}
Potions
 g - 2 potions of agility
 l - 2 potions of resistance
 o - 8 potions of heal wounds
 q - 2 potions of ambrosia {unknown}
 r - 8 potions of curing
 v - 3 potions of berserk rage
 x - 5 potions of lignification
 C - 2 potions of brilliance {unknown}
 E - 6 potions of mutation
 L - 2 potions of haste {unknown}
Comestibles
 c - 35 rations


   Skills:
 - Level 8.1 Fighting
 - Level 10.9(12.0) Axes
   Level 8.8(11.1) Polearms
 - Level 8.0 Dodging
 - Level 2.0 Stealth
 - Level 4.0 Shields
 - Level 12.0 Spellcasting
 + Level 13.7 Conjurations
 - Level 2.0 Charms
 - Level 12.0 Air Magic
 - Level 6.0 Invocations
 - Level 4.0 Evocations


You had one spell level left.
You knew the following spells:

 Your Spells              Type           Power        Failure   Level  Hunger
a - Shock                 Conj/Air       ####         1%          1    None
b - Swiftness             Chrm/Air       ######..     1%          2    None
c - Summon Lightning Spi  Summ/Air       #####...     4%          4    None
d - Airstrike             Air            ######....   1%          4    None
e - Mephitic Cloud        Conj/Pois/Air  ######..     1%          3    None
f - Conjure Flame         Conj/Fire      #####...     1%          3    None
g - Lightning Bolt        Conj/Air       ######....   1%          5    ###....
h - Blink                 Tloc           N/A          9%          2    None
i - Regeneration          Chrm/Necr      ###.......   12%         3    None
j - Sticky Flame          Conj/Fire      #####...     3%          4    None
k - Summon Butterflies    Summ           ###.....     6%          1    None
l - Fireball              Conj/Fire      #####.....   10%         5    ###....

Your spell library contained the following spells:

 Spells                   Type           Power        Failure   Level  Hunger
 Flame Tongue             Conj/Fire      #####        1%          1    None
 Magic Dart               Conj           ####         1%          1    None
 Animate Skeleton         Necr           N/A          6%          1    None
 Corona                   Hex            ###....      6%          1    None
 Freeze                   Ice            ###.         6%          1    None
 Pain                     Necr           ###.         6%          1    None
 Searing Ray              Conj           ######       1%          2    None
 Throw Flame              Conj/Fire      #####.       1%          2    None
 Throw Frost              Conj/Ice       #####.       1%          2    None
 Static Discharge         Conj/Air       ######..     1%          3    None
 Force Lance              Conj/Tloc      #####...     3%          4    None
 Fulminant Prism          Conj/Hex       #####.....   3%          4    None
 Throw Icicle             Conj/Ice       #####...     3%          4    None
 Iskenderun's Battlesphe  Conj/Chrm      ######..     6%          5    ###....
 Call Imp                 Summ           ###.....     9%          2    None
 Slow                     Hex            ###.....     9%          2    None
 Bolt of Draining         Conj/Necr      #####.....   10%         5    ###....
 Irradiate                Conj/Tmut      #####.....   10%         5    ###....
 Venom Bolt               Conj/Pois      #####.....   10%         5    ###....
 Ozocubu's Armour         Chrm/Ice       ###.....     12%         3    None
 Call Canine Familiar     Summ           ###.....     17%         3    None
 Inner Flame              Hex/Fire       ###.....     17%         3    None
 Portal Projectile        Hex/Tloc       ###...       17%         3    None
 Summon Guardian Golem    Hex/Summ       ###.....     17%         3    None
 Vampiric Draining        Necr           ###.......   17%         3    None
 Orb of Destruction       Conj           ######....   19%         7    ######.
 Bolt of Magma            Conj/Fire/Erth #####.....   26%         5    ###....
 Iron Shot                Conj/Erth      #####.....   47%         6    #####..
 Animate Dead             Necr           N/A          50%         4    None
 Cause Fear               Hex            ###.......   50%         4    None
 Leda's Liquefaction      Hex/Erth       ###.......   50%         4    None
 Summon Ice Beast         Ice/Summ       ###.....     50%         4    None
 Summon Mana Viper        Hex/Summ       ###.....     85%         5    ###....
 Spellforged Servitor     Conj/Summ      #####.....   96%         7    ######.
 Death Channel            Necr           ###.......   100%        6    #####..
 Summon Greater Demon     Summ           ###.......   100%        7    ######.
 Summon Hydra             Summ           ###.......   100%        7    ######.
 Lehudib's Crystal Spear  Conj/Erth      #####.....   100%        8    #######


Dungeon Overview and Level Annotations

Branches:
Dungeon (11/15)            Temple (0/1) D:7            Lair (6/6) D:10
 Shoals (2/4) Lair:3       Spider (0/4) Lair:2        Slime (0/5) Lair:6
    Orc (2/2) D:9             Elf (0/3) Orc:2

Altars:
Cheibriados
Dithmenos
Kikubaaqudgha
Nemelex Xobeh
Okawaru
Qazlal
Sif Muna
Trog
Uskayaw
Vehumet
Xom
Yredelemnul
Zin
The Shining One

Shops:
D:6 ?**}(   Orc:2 =*[(

Annotations:
Orc:2 5 runed translucent doors, exclusion: orange crystal statue, barakagiga's ghost, journeyman CeGl


Innate Abilities, Weirdness & Mutations

You have a beak for a mouth.
You have claws for feet.
You can fly continuously.


Message History

* * * LOW HITPOINT WARNING * * *
The weapon returns to the merfolk!
Unknown command.
You slash the manticore!
You kill the manticore!
Sif Muna accepts your kill.
The faun unwields a +0 spear.
The faun wields a +0 hunting sling.
The faun shoots a stone.
The stone completely misses you.
The merfolk throws a boomerang.
The boomerang hits you but does no damage.
The weapon returns to the merfolk!
Casting: Airstrike (safe; 1% risk of failure)
Confirm with . or Enter, or press ? or * to list all spells.
You miscast Regeneration.
Sif Muna protects you from the effects of your miscast!
You carefully extract the barbed spikes from your body.
The merfolk siren chants a haunting song.
You resist with some effort.
The faun shoots a sling bullet.
The sling bullet hits you!!
You die...

..≈≈≈≈≈≈≈≈≈≈≈≈≈
......≈≈≈≈≈≈≈≈≈
......≈≈≈≈≈≈≈..
.....≈.≈≈.....
#.m...≈≈≈m.#
###......≈≈.#
.........≈≈.###
.......@≈≈≈....
..##..((.≈≈$m..
#........≈≈...
##(..m.§≈≈≈≈≈≈
#..##c..≈≈≈≈≈
### .≈.>≈≈m≈≈
.....≈≈≈≈
..c.≈≈≈≈≈


You could see 3 merfolk, 2 fauns and 2 merfolk sirens.

Vanquished Creatures
  2 orc warlords
  5 dire elephants (Lair:6)
  An ettin (Orc:1)
  Josephine (Shoals:1)
  Harold (D:7)
  3 hydras
  2 catoblepae
  An anaconda (Lair:6)
  A centaur warrior (D:11)
  An orc high priest (Orc:2)
  5 sea snakes (Shoals:1)
  An unseen horror (D:10)
  3 orc knights
  The ghost of zkyp the Cleaver, a novice VSGl of Gozag (D:7)
  4 fauns (Shoals:1)
  8 orc sorcerers
  5 oklob plants
  2 manticores
  An ugly thing (D:11)
  7 elephants
  2 merfolk sirens (Lair:3)
  The ghost of hitsuchi the Digger, a novice OpEE of Makhleb (D:6)
  2 black mambas
  4 spiny frogs
  3 water nymphs (Shoals:1)
  Maurice (Orc:2)
  3 komodo dragons
  2 kobold demonologists (D:9)
  2 rime drakes (Lair:6)
  A freezing wraith (D:11)
  A yaktaur (Shoals:1)
  2 polar bears
  6 trolls
  2 merfolk (Shoals:1)
  2 wind drakes (Shoals:1)
  23 blink frogs
  3 snapping turtles (Shoals:1)
  9 hippogriffs
  13 dream sheep
  A water elemental (Shoals:1)
  2 wyverns
  A spriggan (Lair:2)
  19 yaks
  5 wraiths (Shoals:1)
  A human (D:11)
  Grum (D:7)
  Edmund (D:5)
  10 water moccasins
  2 porcupines (Lair:2)
  32 orc warriors
  4 ice beasts
  5 black bears
  2 phantoms
  19 wolves
  6 sky beasts
  12 ogres
  6 centaurs
  2 necrophages (D:10)
  13 crocodiles
  3 big kobolds (D:9)
  12 bullfrogs
  3 gnoll sergeants (D:7)
  A wyvern zombie (D:9)
  3 scorpions
  A water moccasin skeleton (D:6)
  6 killer bees (D:7)
  5 wights (D:6)
  A jelly (D:7)
  6 electric eels
  3 howler monkeys
  8 crimson imps
  2 bullfrog zombies
  A quasit (D:8)
  A centaur zombie (D:4)
  13 hounds
  A centaur skeleton (D:9)
  Crazy Yiuf (D:4)
  22 orc priests
  2 bullfrog skeletons
  A gnoll shaman (D:7)
  28 orc wizards
  Ijyb (D:4)
  5 iguanas
  7 hell rats (Lair:2)
  9 worker ants
  A hound skeleton (D:4)
  2 howler monkey zombies (D:5)
  Robin (D:4)
  9 gnolls (D:7)
  A howler monkey skeleton (D:9)
  10 adders
  5 shadow imps
  An ooze (D:1)
  An adder skeleton (D:7)
  2 worms (D:2)
  2 dart slugs (D:1)
  3 leopard geckos
  63 orcs
  4 giant cockroaches
  15 goblins
  4 hobgoblins
  15 jackals
  11 kobolds
  6 quokkas
  9 bats
  4 frilled lizards
  8 rats
  3 fungi
  6 plants
613 creatures vanquished.

Vanquished Creatures (collateral kills)
  An orc warlord (Orc:2)
  A stone giant (Orc:2)
  2 orc high priests (Orc:2)
  An orc knight (Orc:2)
  An orc sorcerer (Orc:2)
  2 oklob plants (Lair:1)
  An elephant (Lair:6)
  6 orc warriors
  An ogre (Orc:1)
  4 orc wizards
  4 orc priests
  8 orcs
32 creatures vanquished.

Vanquished Creatures (others)
  11 fungi
  14 plants
  2 withered plants (D:6)
27 creatures vanquished.

Grand Total: 672 creatures vanquished

Notes
Turn   | Place    | Note
-------+----------+-------------------------------------------
     0 | D:1      | tilp the Tengu Air Elementalist began the quest for the
                  | Orb.
     0 | D:1      | Reached XP level 1. HP: 10/10 MP: 4/4
   406 | D:1      | Reached XP level 2. HP: 15/15 MP: 3/6
   478 | D:1      | Reached skill level 5 in Air Magic
   776 | D:1      | Reached XP level 3. HP: 18/19 MP: 1/7
   780 | D:1      | Learned a level 2 spell: Swiftness
   784 | D:1      | Learned a level 3 spell: Static Discharge
  1556 | D:2      | Found a bloodstained altar of Trog.
  1590 | D:2      | Reached XP level 4. HP: 24/24 MP: 6/8
  2179 | D:3      | Found a stormy altar of Qazlal.
  2242 | D:3      | Found a deep blue altar of Sif Muna.
  2264 | D:3      | Became a worshipper of Sif Muna the Loreminder
  2472 | D:3      | Found a sparkling altar of Nemelex Xobeh.
  2656 | D:4      | Gained mutation: You can fly continuously. [Tengu growth]
  2656 | D:4      | Reached XP level 5. HP: 28/28 MP: 6/9
  2990 | D:4      | Found a hide-covered altar of Uskayaw.
  3020 | D:4      | Reached * piety under Sif Muna
  3020 | D:4      | Noticed Robin
  3025 | D:4      | Reached XP level 6. HP: 31/32 MP: 6/11
  3029 | D:4      | Killed Robin
  3283 | D:4      | Learned a level 4 spell: Airstrike
  3422 | D:4      | Learned a level 3 spell: Mephitic Cloud
  3443 | D:4      | Noticed Ijyb
  3464 | D:4      | Killed Ijyb
  3464 | D:4      | Reached skill level 2 in Conjurations
  3590 | D:4      | Found a runed translucent door.
  3591 | D:4      | Noticed Crazy Yiuf
  3596 | D:4      | Killed Crazy Yiuf
  3653 | D:5      | Entered Level 5 of the Dungeon
  3665 | D:5      | Reached skill level 3 in Conjurations
  3665 | D:5      | Reached XP level 7. HP: 36/36 MP: 7/14
  3672 | D:5      | Reached skill level 4 in Conjurations
  3995 | D:5      | Found a shimmering altar of Xom.
  3995 | D:5      | Found a shadowy altar of Dithmenos.
  4072 | D:5      | Reached skill level 1 in Fighting
  4362 | D:5      | Reached ** piety under Sif Muna
  4371 | D:5      | Reached XP level 8. HP: 44/44 MP: 4/15
  4580 | D:5      | Noticed Edmund
  4587 | D:5      | Killed Edmund
  4587 | D:5      | Reached skill level 5 in Spellcasting
  4714 | D:5      | Found a snail-covered altar of Cheibriados.
  4846 | D:6      | Found Paolenn's Assorted Antiques.
  4846 | D:6      | Found Foamesmo's Gadget Shop.
  5044 | D:6      | Found Puarau Vuge's Assorted Antiques.
  5067 | D:6      | Learned a level 3 spell: Conjure Flame
  5111 | D:6      | Found a runed translucent door.
  5112 | D:6      | Noticed hitsuchi's ghost (novice OpEE)
  5114 | D:6      | Found a radiant altar of Vehumet.
  5147 | D:6      | Reached skill level 5 in Conjurations
  5237 | D:6      | Reached skill level 6 in Conjurations
  5345 | D:6      | Reached *** piety under Sif Muna
  5467 | D:6      | Reached XP level 9. HP: 48/48 MP: 11/19
  5507 | D:6      | Found a basalt altar of Yredelemnul.
  5798 | D:6      | Reached skill level 10 in Air Magic
  5810 | D:6      | Found Waci's Magic Scroll Shop.
  5883 | D:6      | Found Tocoumon's Weapon Boutique.
  5967 | D:6      | Bought a scroll of identify for 22 gold pieces
  5967 | D:6      | Bought a scroll of remove curse for 33 gold pieces
  5967 | D:6      | Bought a scroll of identify for 22 gold pieces
  5991 | D:6      | Bought a scroll of identify for 64 gold pieces
  6015 | D:7      | Found a glowing golden altar of the Shining One.
  6070 | D:7      | Reached skill level 1 in Invocations
  6499 | D:7      | Found a staircase to the Ecumenical Temple.
  6511 | D:7      | Found a transporter.
  6523 | D:7      | Found an iron altar of Okawaru.
  6637 | D:7      | Noticed Grum
  6639 | D:7      | Found a transporter.
  6644 | D:7      | Identified the +0 shield "Gaewurie" {rElec Slay+3}
  6715 | D:7      | Identified the amulet "Enlophuf" {RegenMP +Blink Int-4
                  | Dex+2}
  6789 | D:7      | Noticed zkyp's ghost (novice VSGl)
  7088 | D:7      | Noticed Harold
  7408 | D:8      | Found a radiant altar of Vehumet.
  7734 | D:8      | Reached **** piety under Sif Muna
  7786 | D:8      | Found an ancient bone altar of Kikubaaqudgha.
  7993 | D:8      | Reached XP level 10. HP: 39/53 MP: 14/23
  8097 | D:8      | Reached skill level 1 in Charms
  8104 | D:8      | Learned a level 5 spell: Lightning Bolt
  8107 | D:8      | Learned a level 2 spell: Blink
  8461 | D:9      | Noticed a kobold demonologist
  8474 | D:9      | Noticed a kobold demonologist
  8477 | D:9      | Killed a kobold demonologist
  8477 | D:9      | Reached skill level 7 in Conjurations
  8482 | D:9      | Killed a kobold demonologist
  8678 | D:9      | Reached ***** piety under Sif Muna
  8729 | D:9      | Reached skill level 8 in Conjurations
  8763 | D:9      | Found a staircase to the Orcish Mines.
  9125 | D:10     | Entered Level 10 of the Dungeon
  9234 | D:10     | Reached skill level 1 in Shields
  9253 | D:10     | Got a shimmering ring mail
  9361 | D:10     | Identified Sif Muna's Almanac of Confrontation (Sif Muna
                  | gifted it to you on level 10 of the Dungeon)
  9361 | D:10     | Received a gift from Sif Muna
  9476 | D:10     | Reached skill level 5 in Dodging
  9580 | D:10     | Reached XP level 11. HP: 58/60 MP: 9/24
  9663 | D:10     | Learned a level 3 spell: Regeneration
  9717 | D:10     | Reached skill level 1 in Polearms
  9823 | D:10     | Noticed an unseen horror
  9836 | D:10     | Killed an unseen horror
 10058 | D:10     | Found a staircase to the Lair.
 10570 | D:11     | Reached skill level 5 in Polearms
 10869 | D:11     | Noticed a purple ugly thing
 10977 | D:11     | Noticed a centaur warrior
 11058 | D:11     | Identified the +1 ring mail of Life {rElec rF++ Stlth-}
                  | (You found it on level 10 of the Dungeon)
 11132 | D:11     | Found the +3 pair of gauntlets of War {Slay+5}
 11366 | Lair:1   | Entered Level 1 of the Lair of Beasts
 11948 | Lair:1   | Found the +8 mithril axe "Arga" {speed, MR+}
 11949 | Lair:1   | Noticed an oklob plant
 11950 | Lair:1   | Noticed an oklob plant
 11950 | Lair:1   | Noticed an oklob plant
 12151 | Lair:1   | Got a twisted rapier
 12454 | Lair:2   | Noticed a six-headed hydra
 12562 | Lair:2   | Reached XP level 12. HP: 66/66 MP: 7/26
 12927 | Lair:2   | Noticed a five-headed hydra
 12936 | Lair:2   | Killed a five-headed hydra
 13131 | Lair:2   | Killed a six-headed hydra
 13131 | Lair:2   | Reached skill level 10 in Spellcasting
 13351 | Lair:2   | Learned a level 4 spell: Sticky Flame
 13381 | Lair:2   | Reached skill level 1 in Axes
 13431 | Lair:2   | Found a hole to the Spider Nest.
 13767 | Lair:3   | Identified the +9 rapier "Kaeregud" {holy, *Slow rC+ Dex+4}
                  | (You found it on level 1 of the Lair of Beasts)
 14393 | Lair:3   | Reached skill level 5 in Axes
 14408 | Lair:3   | Found a staircase to the Shoals.
 15187 | Lair:4   | Reached XP level 13. HP: 58/70 MP: 28/28
 15239 | Lair:4   | Reached skill level 10 in Axes
 15659 | Lair:5   | Found a glowing silver altar of Zin.
 15789 | Lair:5   | Reached skill level 9 in Conjurations
 15896 | Lair:5   | Identified Woips's Handbook of Calling (Sif Muna gifted it
                  | to you on level 5 of the Lair of Beasts)
 15896 | Lair:5   | Received a gift from Sif Muna
 15896 | Lair:5   | Reached skill level 10 in Conjurations
 16262 | Lair:6   | Entered Level 6 of the Lair of Beasts
 16514 | Lair:6   | Reached skill level 11 in Conjurations
 17144 | D:6      | Killed hitsuchi's ghost
 17289 | D:7      | Killed zkyp's ghost
 17289 | D:7      | Reached skill level 12 in Conjurations
 17296 | D:7      | Killed Grum
 17338 | D:7      | Identified the Collected Works on the Blaze
 17450 | D:7      | Killed Harold
 17723 | D:8      | Learned a level 4 spell: Summon Lightning Spire
 17725 | D:8      | Learned a level 1 spell: Summon Butterflies
 17770 | Orc:1    | Entered Level 1 of the Orcish Mines
 17787 | Orc:1    | Noticed an orc warlord
 17806 | Orc:1    | Killed an orc warlord
 18136 | Orc:2    | Entered Level 2 of the Orcish Mines
 18172 | Orc:2    | Found a runed translucent door.
 18200 | Orc:2    | Found the +10 large shield of Ignorance {rN+ Int-4}
 18205 | Orc:2    | Found a runed translucent door.
 18248 | Orc:2    | Found a runed translucent gate.
 18248 | Orc:2    | Found a runed translucent gate.
 18249 | Orc:2    | Found a runed translucent gate.
 18252 | Orc:2    | Noticed barakagiga's ghost (journeyman CeGl)
 18364 | Orc:2    | Found a staircase to the Elven Halls.
 18441 | Orc:2    | Reached XP level 14. HP: 26/76 MP: 30/30
 18553 | Orc:2    | Noticed Maurice
 18777 | Orc:2    | Identified the +1 ring mail "Yzicint" {-Cast rF+ MR+
                  | Slay+2}
 18778 | Orc:2    | Identified the cursed +1 demon whip of Deflation {freeze,
                  | *Noise MR++ Int+5}
 18804 | Orc:2    | Noticed a stone giant
 18914 | Orc:2    | Identified Tedghu's Tome of Lethal Evil Rites (Sif Muna
                  | gifted it to you on level 2 of the Orcish Mines)
 18914 | Orc:2    | Received a gift from Sif Muna
 18930 | Orc:2    | HP: 2/76 [stone giant (16)]
 18932 | Orc:2    | Killed a stone giant
 19012 | Orc:2    | Killed Maurice
 19131 | Orc:2    | Paralysed by an orc sorcerer for 4 turns
 19262 | Orc:2    | Reached skill level 1 in Evocations
 19671 | Orc:2    | Noticed an orc warlord
 19677 | Orc:2    | Killed an orc warlord
 19932 | Orc:2    | Noticed an orc warlord
 19951 | Orc:2    | Killed an orc warlord
 20051 | Orc:2    | Reached skill level 5 in Fighting
 20216 | Orc:2    | Reached skill level 5 in Invocations
 20500 | Orc:2    | Found Kyisith's General Store.
 20501 | Orc:2    | Found Erpheafall's Jewellery Emporium.
 20513 | Orc:2    | Found Buang's Antique Armour Emporium.
 20513 | Orc:2    | Found Faunoz's Antique Weapon Shoppe.
 20527 | Orc:2    | Bought a scroll of identify for 28 gold pieces
 20670 | Orc:2    | Found an iron altar of Okawaru.
 20754 | Orc:2    | Bought 4 datura-tipped darts for 22 gold pieces
 20754 | Orc:2    | Bought 3 potions of heal wounds for 210 gold pieces
 20756 | Orc:2    | Bought a +3 ring of protection for 294 gold pieces
 20985 | Lair:6   | Found a staircase to the Slime Pits.
 21670 | Lair:6   | Noticed a dire elephant
 21670 | Lair:6   | Noticed a dire elephant
 21694 | Lair:6   | Killed a dire elephant
 21698 | Lair:6   | Killed a dire elephant
 21970 | Lair:6   | Noticed a dire elephant
 21981 | Lair:6   | Killed a dire elephant
 22044 | Lair:6   | Noticed a dire elephant
 22069 | Lair:6   | Killed a dire elephant
 22072 | Lair:6   | Noticed a dire elephant
 22079 | Lair:6   | Killed a dire elephant
 22684 | Orc:2    | Bought an uncursed amulet of the acrobat for 510 gold
                  | pieces
 22862 | Shoals:1 | Entered Level 1 of the Shoals
 23129 | Lair:3   | Learned a level 5 spell: Fireball
 23313 | Shoals:1 | Reached XP level 15. HP: 87/87 MP: 28/32
 24250 | Shoals:1 | Reached skill level 13 in Conjurations
 24410 | Shoals:1 | Noticed Josephine
 24416 | Shoals:1 | Killed Josephine
 24529 | Shoals:1 | Received a gift from Sif Muna
 24678 | Shoals:1 | Got a faintly humming robe
 24820 | Shoals:2 | Shot with a sling bullet by a faun

Levels and vault maps discovered:
D:1:      dpeg_cavernosity, layout_basic
D:2:      layout_rooms, first_ration, trog_book
D:3:      layout_basic, nicolae_qazlal_general_emergency, marbit_many_paths,
          lemuel_doored_altar, serial_glass, glass_columns_a, glass_columns_a
D:4:      layout_loops_cross, nicolae_overflow_crystal_walls, uniq_ijyb,
          uniq_crazy_yiuf_cottage, uniq_robin
D:5:      layout_basic, kennysheep_mini,
          chequers_temple_overflow_statue_of_worship, uniq_edmund
D:6:      layout_cave_pods, kennysheep_little_box, lemuel_round_altar,
          serial_shops, shop_statue, nicolae_shop_competitors_out_of_business,
          shop, nicolae_shop_overgrown_old_shop, shop_fountains,
          gammafunk_ghost_grave
D:7:      layout_basic, old_standard_altar, tso_metal_star, temple_fountains,
          gammafunk_ghost_gnarly_gnolls, chequers_serial_rivers_small_3,
          uniq_harold
D:8:      statuecave_lemuel, layout_loops_cross, overflow_temple_1_default,
          basic_altar
D:9:      layout_small_grid, david_orc_2
D:10:     layout_loops_ring, erik_lair_island
D:11:     minmay_wavy_crystal, layout_irregular_city, grunt_pizzeria
Lair:1:   layout_chaotic_city, minmay_holes, infiniplex_staircase_pool,
          minmay_lair_oklob_chamber
Lair:2:   layout_chaotic_city, dummy_spider_entry, grunt_forest_stairs_clearing,
          grunt_megastairs_4
Lair:3:   layout_cave_pods, elwin_shoals_entry_rooms, st_stairs_8,
          nicolae_quartered_pool_little
Lair:4:   layout_misc_corridors
Lair:5:   layout_roguey, basic_altar
Lair:6:   due_jungle_book, layout_gridlike, minmay_slime_entry_oklob_open,
          grunt_megastairs_3
Shoals:1: layout_shoals, yaktaur_hedge, uniq_josephine
Shoals:2: layout_shoals, nicolae_shoals_drake_roost
Orc:1:    layout_diamond_mine
Orc:2:    st_orc_congregation, layout_diamond_mine,
          gammafunk_ghost_fury_of_okawaru, chequers_guarded_unrand_ignorance,
          uniq_maurice

Skill      XL: |  1  2  3  4  5  6  7  8  9 10 11 12 13 14 15 |
---------------+----------------------------------------------+-----
Air Magic      | 5 6 7 8 9 10 12 | 12.0
Spellcasting   | 4 6 8 9 10 11 12 | 12.0
Conjurations   | 3 4 6 8 12 13 | 13.7
Fighting       | 2 3 4 7 8 |  8.1
Dodging        | 4 5 6 8 |  8.0
Invocations    | 4 6 |  6.0
Charms         | 2 |  2.0
Shields        | 4 |  4.0
Polearms       | 8 |  8.8
Axes           | 9 10 | 10.9
Evocations     | 4 |  4.0
Stealth        | |  2.0

Action                   |  1- 3 |  4- 6 |  7- 9 | 10-12 | 13-15 || total
-------------------------+-------+-------+-------+-------+-------++-------
Melee: Whip              |     2 |       |       |       |       ||     2
       Dagger            |    35 |    84 |   148 |   152 |       ||   419
       Kick              |     6 |    13 |    52 |   111 |   154 ||   336
       Peck              |     5 |    19 |    23 |    86 |   100 ||   233
       Spear             |       |       |       |   192 |       ||   192
       Broad axe         |       |       |       |   168 |   565 ||   733
Throw: Javelin           |       |     1 |     1 |       |       ||     2
       Dart              |       |       |       |     1 |     4 ||     5
 Cast: Shock             |    37 |    34 |    91 |   146 |    15 ||   323
       Airstrike         |       |     2 |    49 |    96 |    98 ||   245
       Mephitic Cloud    |       |     1 |     6 |    22 |    15 ||    44
       Conjure Flame     |       |       |     2 |    37 |    24 ||    63
       Lightning Bolt    |       |       |       |     7 |    35 ||    42
       Sticky Flame      |       |       |       |     1 |    14 ||    15
       Regeneration      |       |       |       |       |    32 ||    32
       Summon Lightning  |       |       |       |       |    28 ||    28
       Summon Butterflie |       |       |       |       |     3 ||     3
       Fireball          |       |       |       |       |     6 ||     6
Invok: Channel Magic     |       |       |       |       |     1 ||     1
 Abil: Fly               |       |     1 |       |       |       ||     1
Evoke: Wand              |       |     1 |       |       |     2 ||     3
  Use: Scroll            |     1 |     7 |     6 |     8 |     8 ||    30
       Potion            |       |       |       |     2 |     3 ||     5
 Stab: Sleeping          |     2 |     4 |     1 |     4 |     5 ||    16
       Paralysed         |       |     2 |       |       |       ||     2
       Confused          |       |       |     2 |     8 |     8 ||    18
       Distracted        |       |       |       |       |     4 ||     4
  Eat: Chunk             |     3 |     7 |    16 |    22 |    28 ||    76
       Ration            |       |       |     1 |     2 |     2 ||     5
Armor: Robe              |    12 |       |       |       |       ||    12
       Leather armour    |     2 |    20 |    37 |    39 |    40 ||   138
       Troll leather arm |       |       |       |    44 |    36 ||    80
Dodge: Dodged            |    31 |    46 |   120 |   299 |   253 ||   749
Block: Buckler           |       |       |       |    99 |   122 ||   221

Table legend:
 A = Non-vault XP
 B = Vault XP
 C = Vault XP percentage of total XP
 D = Non-vault monster count
 E = Vault monster count
 F = Vault count percentage of total count
                 A         B        C        D         E       F
            +---------+---------+-------+---------+---------+-------
      Total |   69364 |   28168 |  28.9 |     469 |     167 |  26.3
            +---------+---------+-------+---------+---------+-------
        D:1 |      44 |       9 |  17.0 |      23 |       4 |  14.8
        D:2 |      55 |       0 |   0.0 |      16 |       0 |   0.0
        D:3 |      39 |       2 |   4.9 |      15 |       1 |   6.2
        D:4 |     325 |     112 |  25.6 |      12 |      13 |  52.0
        D:5 |     774 |     158 |  17.0 |      19 |       1 |   5.0
        D:6 |    1092 |     470 |  30.1 |      20 |       1 |   4.8
        D:7 |    1125 |    2696 |  70.6 |      26 |      20 |  43.5
        D:8 |    1801 |       3 |   0.2 |      31 |       1 |   3.1
        D:9 |    1830 |     142 |   7.2 |      21 |       5 |  19.2
       D:10 |    4305 |     837 |  16.3 |      43 |       8 |  15.7
       D:11 |    1073 |    1995 |  65.0 |      14 |       4 |  22.2
     Lair:1 |    2990 |    1790 |  37.4 |      16 |       6 |  27.3
     Lair:2 |    4293 |    1242 |  22.4 |      18 |       7 |  28.0
     Lair:3 |    2912 |     932 |  24.2 |      17 |       2 |  10.5
     Lair:4 |    9907 |       0 |   0.0 |      42 |       0 |   0.0
     Lair:5 |    4544 |       0 |   0.0 |      12 |       0 |   0.0
     Lair:6 |    9687 |    5068 |  34.3 |      19 |      11 |  36.7
   Shoals:1 |   10205 |    2466 |  19.5 |      24 |       7 |  22.6
   Shoals:2 |     548 |       0 |   0.0 |       1 |       0 |   0.0
      Orc:1 |    5630 |       0 |   0.0 |      36 |       0 |   0.0
      Orc:2 |    6185 |   10246 |  62.4 |      44 |      76 |  63.3
            +---------+---------+-------+---------+---------+-------
